 Dungeon Crawl Stone Soup version 0.19-a0-594-g235f30c (webtiles) character file.

56298 IamBaum the Eclecticist (level 14, -1/63 HPs)
             Began as a Spriggan Venom Mage on June 9, 2016.
             Was the Champion of Sif Muna.
             Killed from afar by a deep troll earth mage (25 damage)
             ... with a blast of rock fragments
             ... on level 1 of the Depths on June 10, 2016.
             The game lasted 03:32:20 (24721 turns).

IamBaum the Eclecticist (Spriggan Venom Mage)      Turns: 24721, Time: 03:32:24

Health: -1/63      AC:  8    Str:  8    XL:     14   Next: 41%
Magic:  14/36      EV: 26    Int: 22    God:    Sif Muna [******]
Gold:   1179       SH:  0    Dex: 18    Spells: 12 memorised, 8 levels left

rFire  + + .     SeeInvis +     y - +1 rapier "Qoneaxoqei" {flame, Str+3}
rCold  . . .     Gourm    .     K - +1 troll leather armour of Devotion {Regen+ Int+3}
rNeg   . . .     Faith    .     (shield restricted)
rPois  .         Spirit   .     m - +2 hat {MR+}
rElec  .         Dismiss  .     i - +0 cloak
rCorr  .         Reflect  .     (gloves unavailable)
SustAt .         Harm     .     (boots unavailable)
MR     ++++.                    X - amulet of regeneration (curse)
Stlth  ++........               j - ring of protection from fire
                                z - ring of protection from magic

@: very slightly contaminated, invisible, very quick, incredibly resistant to
hostile enchantments, unstealthy
A: unfitting armour, see invisible, fire resistance 1, herbivore 3, speed 3,
slow metabolism 2
a: Channel Energy, Forget Spell, Renounce Religion


You were on level 1 of the Depths.
You worshipped Sif Muna.
Sif Muna was exalted by your worship.
You were not hungry.

You visited 6 branches of the dungeon, and saw 21 of its levels.
You also visited: Sewer and Bailey.

You collected 1861 gold pieces.
You spent 682 gold pieces at shops.

Inventory:

Hand Weapons
 r - a +3 mace of electrocution
 t - a +4 quarterstaff of chaos
 y - the +1 rapier "Qoneaxoqei" (weapon) {flame, Str+3}
   (You found it on level 5 of the Dungeon)

   It has been specially enchanted to burn those struck by it, causing extra
   injury to most foes and up to half again as much damage against particularly
   susceptible opponents.
   It affects your strength (+3).
 R - the +1 trident "Voegat" {freeze, rPois Str+5 Int-4 SInv}
   (You found it in a bailey)

   It has been specially enchanted to freeze those struck by it, causing extra
   injury to most foes and up to half again as much damage against particularly
   susceptible opponents.
   It can also slow down cold-blooded creatures.
   It affects your strength (+5).
   It affects your intelligence (-4).
   It protects you from poison.
   It lets you see invisible.
Missiles
 f - 2 throwing nets (quivered)
Armour
 i - a +0 cloak (worn)
 m - a +2 hat of magic resistance (worn)
 K - the +1 troll leather armour of Devotion (worn) {Regen+ Int+3}
   (You found it on level 9 of the Dungeon)

   It affects your intelligence (+3).
   It increases your rate of regeneration.
Magical Staves
 c - an uncursed staff of poison
Jewellery
 a - an uncursed ring of protection from fire
 j - a ring of protection from fire (right hand)
 z - a ring of protection from magic (left hand)
 X - a cursed amulet of regeneration (around neck)
Wands
 w - a wand of slowing (14/48)
 J - a wand of enslavement (9/24)
 N - a wand of random effects (26/48)
 U - a wand of lightning (0/15)
Scrolls
 k - 9 scrolls of teleportation
 p - 5 scrolls of remove curse
 u - a scroll of magic mapping
 v - 4 scrolls of identify
 x - a scroll of recharging
 D - 2 scrolls of amnesia
 S - a scroll of blinking
 T - 2 scrolls of enchant weapon
Potions
 e - 3 potions of ambrosia
 h - a potion of curing
 o - 4 potions of flight
 s - 2 potions of invisibility
 F - a potion of haste
 H - a potion of cure mutation
 Q - a potion of might
 V - 2 potions of agility
 W - a potion of brilliance
Books
 b - a Young Poisoner's Handbook

   Spells                             Type                      Level
   a - Sting                          Conjuration/Poison           1
   b - Cure Poison                    Poison                       2
   c - Mephitic Cloud                 Conjuration/Poison/Air       3
   d - Olgreb's Toxic Radiance        Poison                       4
   e - Venom Bolt                     Conjuration/Poison           5
 d - a book of the Earth

   Spells                             Type                      Level
   a - Leda's Liquefaction            Hexes/Earth                  4
   b - Bolt of Magma                  Conjuration/Fire/Earth       5
   c - Statue Form                    Transmutation/Earth          6
   d - Iron Shot                      Conjuration/Earth            6
   e - Shatter                        Earth                        9
 g - a book of Burglary

   Spells                             Type                      Level
   a - Swiftness                      Charms/Air                   2
   b - Passwall                       Transmutation/Earth          2
   c - Passage of Golubria            Translocation                4
   d - Lee's Rapid Deconstruction     Earth                        5
   e - Darkness                       Hexes                        6
   f - Invisibility                   Hexes                        6
 q - a book of Enchantments

   Spells                             Type                      Level
   a - Cause Fear                     Hexes                        4
   b - Yara's Violent Unravelling     Hexes/Transmutation          5
   c - Silence                        Hexes/Air                    5
   d - Deflect Missiles               Charms/Air                   6
   e - Haste                          Charms                       6
   f - Discord                        Hexes                        8
 A - Tiatovej's Incunabulum of Shifting Ice
   (Sif Muna gifted it to you on level 1 of the Depths)

   Spells                             Type                      Level
   a - Throw Frost                    Conjuration/Ice              2
   b - Sticks to Snakes               Transmutation                2
   c - Ice Form                       Ice/Transmutation            4
   d - Alistair's Intoxication        Transmutation/Poison         5
   e - Bolt of Cold                   Conjuration/Ice              6
   f - Glaciate                       Conjuration/Ice              9
 C - Sif Muna's Compendium of Evil and Confrontation
   (Sif Muna gifted it to you on level 13 of the Dungeon)

   Spells                             Type                      Level
   a - Sticky Flame                   Conjuration/Fire             4
   b - Throw Icicle                   Conjuration/Ice              4
   c - Cigotuvi's Embrace             Necromancy                   5
   d - Dispel Undead                  Necromancy                   5
   e - Bolt of Fire                   Conjuration/Fire             6
   f - Simulacrum                     Ice/Necromancy               6
   g - Delayed Fireball               Conjuration/Fire             7
 G - a book of Alchemy

   Spells                             Type                      Level
   a - Sublimation of Blood           Necromancy                   2
   b - Ignite Poison                  Fire/Transmutation/Poison    3
   c - Petrify                        Transmutation/Earth          4
   d - Alistair's Intoxication        Transmutation/Poison         5
   e - Irradiate                      Conjuration/Transmutation    5
 O - Sif Muna's Tome of Hurtful Heat
   (You acquired it in a bailey)

   Spells                             Type                      Level
   a - Conjure Flame                  Conjuration/Fire             3
   b - Iskenderun's Mystic Blast      Conjuration                  4
   c - Venom Bolt                     Conjuration/Poison           5
   d - Freezing Cloud                 Conjuration/Ice/Air          6
Comestibles
 l - 3 slices of pizza
 E - a royal jelly
 L - 26 fruits


   Skills:
 + Level 2.2 Fighting
 - Level 1.0 Maces & Flails
 + Level 2.6 Armour
 + Level 11.2 Dodging
 - Level 3.0 Stealth
 + Level 17.6 Spellcasting
 + Level 7.4 Conjurations
 - Level 6.3 Transmutations
 + Level 4.2 Fire Magic
 * Level 2.6 Ice Magic
 - Level 13.5 Poison Magic
 + Level 1.0 Evocations


You had 8 spell levels left.
You knew the following spells:

 Your Spells              Type           Power        Failure   Level  Hunger
a - Sting                 Conj/Pois      ####         1%          1    None
b - Cure Poison           Pois           ######....   1%          2    None
c - Olgreb's Toxic Radia  Pois           ######..     1%          4    None
d - Venom Bolt            Conj/Pois      ######....   1%          5    #......
e - Mephitic Cloud        Conj/Pois/Air  ######..     1%          3    None
f - Ignite Poison         Fire/Tmut/Pois ######..     1%          3    None
g - Irradiate             Conj/Tmut      #####.....   10%         5    #......
h - Iskenderun's Mystic   Conj           ######..     1%          4    None
i - Conjure Flame         Conj/Fire      #####...     1%          3    None
j - Sticky Flame          Conj/Fire      #####...     4%          4    None
k - Throw Icicle          Conj/Ice       #####...     8%          4    None
l - Swiftness             Chrm/Air       ###.....     10%         2    None


Dungeon Overview and Level Annotations

Branches:
Dungeon (15/15)            Temple (1/1) D:5            Lair (1/8) D:8
    Orc (2/2) D:11            Elf (1/3) Orc:2        Depths (1/5) D:15
 Vaults: D:13-14

Altars:
Ashenzari
Cheibriados
Dithmenos
Elyvilon
Fedhas
Gozag
Hepliaklqana
Kikubaaqudgha
Makhleb
Nemelex Xobeh
Okawaru
Pakellas
Qazlal
Ru
Sif Muna
Trog
Uskayaw
Vehumet
Xom
Yredelemnul
Zin
The Shining One

Shops:
D:15 *   Orc:2 ![:[*

Annotations:
Lair:1 Kaishin's ghost, novice DDEE


Innate Abilities, Weirdness & Mutations

You are tiny and cannot use many weapons and most armour.
You have supernaturally acute eyesight. (SInv)
You are a herbivore.
You cover ground extremely quickly.
You need consume almost no food.
Your flesh is heat resistant. (rF+)


Message History

The deep troll looks frightened!
The tengu reaver gestures at you while chanting.
The bolt of acid misses you.
The wall shatters!
Blink to where?
Press: ? - help, Dir - move target cursor
As you read the scroll of blinking, it crumbles to dust.
A fire giant comes into view.
It is wielding a great sword of flaming.
The wall shatters!
You hear a grinding noise.
Zapping:
J - a wand of enslavement {zapped: 2} (will waste charges)
Press: ? - help, Shift-Dir - straight line, f - merfolk javelineer
Aim: a merfolk javelineer, wielding a spear and wearing a leather armour (chance to defeat MR: 16%)
The merfolk javelineer resists with almost no effort.
Evoking this partially-identified wand wasted a few charges.
The merfolk javelineer throws a javelin.
The javelin barely misses you.
The wall shatters!
The blast of rock fragments hits the merfolk javelineer.
The blast of rock fragments hits you!
You die...

#...*.#≈......≈# ≈≈≈≈≈≈...
#.....#≈.T(.Q.≈#≈≈≈≈≈≈≈≈≈≈≈≈≈≈...
#.....#≈.....8≈#≈≈≈≈≈≈≈≈≈≈≈≈≈≈...
#....Q.≈......≈#≈≈≈≈≈≈≈≈≈≈≈≈≈≈...
#.....#≈......≈#≈≈≈≈≈≈≈≈≈≈≈≈≈≈...
#.....#≈......≈#≈≈≈C≈≈≈≈≈≈≈≈ ≈...
#.....#≈8....8≈...........## #...
#.....#.......m#........#..###..C
#.%.............@(.......((......
.......##.####.#.####.#.##..##...
#....................###.##..#...
...............####.# #.##.....
#.....#.###........# #.##....
#.....##........#.# #.##...
#.....# #........# #.#..T
#.....##.#.####.#############...C
#........§....QT.................


You could see a fire giant, a merfolk javelineer (wandering) and a tengu warrior
(wandering).

Vanquished Creatures
  Gastronok (Orc:1)
  An orc warlord (Orc:2)
  A stone giant (Depths:1)
  Azrael (D:15)
  An ettin (Depths:1)
  A fire dragon (D:15)
  A great orb of eyes (Depths:1)
  Harold (D:11)
  An ice dragon (D:15)
  A hydra (D:15)
  A deep troll shaman (Depths:1)
  A dancing weapon (Elf:1)
  2 ogre magi (Depths:1)
  A tengu warrior (D:15)
  4 orc high priests (Orc:2)
  8 death yaks (D:13)
  A skeletal warrior (D:14)
  A deep elf archer (Elf:1)
  5 hill giants
  Pikel (D:4)
  2 deep elf magi
  7 orc knights
  7 ugly things
  9 orc sorcerers
  Joseph (D:7)
  Psyche (D:8)
  A gargoyle (D:14)
  A kobold demonologist (Bailey)
  An efreet (D:15)
  3 meliai (D:15)
  3 trolls
  2 two-headed ogres (D:9)
  Prince Ribbit (D:7)
  3 slime creatures (D:15)
  A water elemental (Elf:1)
  A spriggan (shapeshifter) (D:13)
  2 wraiths
  Sigmund (D:3)
  2 basilisks
  21 yaks
  3 fire elementals (D:15)
  A golden eye (shapeshifter) (D:15)
  5 humans (D:13)
  2 hippogriffs
  Edmund (D:4)
  Eustachio (D:6)
  A hungry ghost (D:15)
  A mottled dragon (D:14)
  5 wargs (Orc:2)
  2 vampire mosquitoes (D:13)
  5 hell hounds (D:15)
  A water moccasin (D:7)
  32 orc warriors
  Purgy (Sewer)
  2 sky beasts
  4 ice beasts
  A wasp (D:10)
  A black bear (D:11)
  14 ogres
  A necrophage (D:9)
  2 slaves (D:4)
  An eye of draining (D:10)
  13 centaurs
  3 big kobolds
  9 giant frogs
  A wyvern zombie (D:12)
  A gnoll sergeant (D:10)
  7 scorpions
  6 wights (D:7)
  An electric eel (Bailey)
  6 howler monkeys
  2 giant frog zombies
  6 crimson imps
  3 centaur zombies
  7 hounds
  Crazy Yiuf (D:3)
  9 orc priests (Orc:2)
  3 giant frog skeletons
  4 jellies
  17 orc wizards
  3 centaur skeletons
  3 iguanas
  Natasha (thrice) (D:3)
  19 worker ants
  2 sheep (D:13)
  A hound zombie (D:11)
  A hound skeleton (D:8)
  A worker ant zombie (D:8)
  10 gnolls
  14 adders
  5 shadow imps
  An ooze (D:2)
  An adder skeleton (D:6)
  4 worms
  3 giant geckos
  90 orcs
  5 giant cockroaches
  13 goblins
  16 hobgoblins
  8 jackals
  16 kobolds
  4 quokkas
  3 ball pythons
  5 bats
  A giant gecko skeleton (D:3)
  7 giant newts
  A quokka skeleton (D:9)
  11 rats
542 creatures vanquished.

Vanquished Creatures (others)
  A shadow (D:15)
  A human (D:13)
  A hippogriff (D:15)
  A slave (D:4)
  An orc wizard (Orc:2)
5 creatures vanquished.

Grand Total: 547 creatures vanquished

Notes
Turn   | Place    | Note
--------------------------------------------------------------
     0 | D:1      | IamBaum the Spriggan Venom Mage began the quest for the Orb.
     0 | D:1      | Reached XP level 1. HP: 9/9 MP: 5/5
   387 | D:1      | Reached XP level 2. HP: 13/13 MP: 3/6
   829 | D:2      | Reached skill level 3 in Spellcasting
   992 | D:2      | Reached XP level 3. HP: 14/16 MP: 4/8
  1430 | D:2      | Learned a level 2 spell: Cure Poison
  1528 | D:2      | Reached XP level 4. HP: 19/21 MP: 0/10
  1840 | D:2      | Reached skill level 5 in Poison Magic
  2077 | D:2      | Learned a level 4 spell: Olgreb's Toxic Radiance
  2142 | D:3      | Reached skill level 1 in Conjurations
  2150 | D:3      | Reached skill level 4 in Spellcasting
  2950 | D:3      | Reached XP level 5. HP: 24/24 MP: 7/12
  3157 | D:3      | Noticed Natasha
  3162 | D:3      | Killed Natasha
  3169 | D:3      | Learned a level 5 spell: Venom Bolt
  3386 | D:3      | Noticed Natasha
  3411 | D:3      | Noticed Sigmund
  3435 | D:3      | Killed Sigmund
  3435 | D:3      | Reached skill level 5 in Spellcasting
  3435 | D:3      | Reached XP level 6. HP: 14/28 MP: 3/15
  3470 | D:3      | Killed Natasha
  3901 | D:3      | Noticed Crazy Yiuf
  3907 | D:3      | Killed Crazy Yiuf
  3996 | D:3      | Noticed Natasha
  4004 | D:3      | Killed Natasha
  4004 | D:3      | Reached skill level 6 in Spellcasting
  4489 | D:4      | Noticed Edmund
  4527 | D:4      | Killed Edmund
  4527 | D:4      | Reached XP level 7. HP: 32/32 MP: 10/18
  4788 | D:4      | Noticed Pikel
  4827 | D:4      | Killed Pikel
  4827 | D:4      | Reached skill level 8 in Spellcasting
  4827 | D:4      | Reached XP level 8. HP: 34/36 MP: 2/21
  5005 | D:4      | Learned a level 3 spell: Mephitic Cloud
  5157 | D:4      | Found a glowing golden altar of the Shining One.
  5172 | D:4      | Became a worshipper of the Shining One
  5355 | D:5      | Entered Level 5 of the Dungeon
  5401 | D:5      | Was placed under penance by the Shining One
  5416 | D:5      | Fell from the grace of the Shining One
  5728 | D:5      | Found a staircase to the Ecumenical Temple.
  5737 | Temple   | Entered the Ecumenical Temple
  5759 | Temple   | Became a worshipper of Sif Muna the Loreminder
  5870 | D:5      | Got a crystal rapier
  5871 | D:5      | Identified the cursed +1 rapier "Qoneaxoqei" {flame, Str+3} (You found it on level 5 of the Dungeon)
  6413 | D:5      | Learned a level 3 spell: Ignite Poison
  6727 | D:6      | Found a glowing drain.
  6739 | Sewer    | Entered a sewer
  6824 | Sewer    | Noticed Purgy
  6852 | Sewer    | Killed Purgy
  6852 | Sewer    | Reached skill level 9 in Spellcasting
  7012 | D:6      | Gained mutation: You have sharp toenails. [potion of mutation]
  7012 | D:6      | Gained mutation: You are partially covered in icy blue scales. (AC +1) [potion of mutation]
  7020 | D:6      | Lost mutation: You have sharp toenails. [potion of cure mutation]
  7020 | D:6      | Lost mutation: You are partially covered in icy blue scales. (AC +1) [potion of cure mutation]
  7427 | D:6      | Reached * piety under Sif Muna
  7768 | D:6      | Noticed Eustachio
  7844 | D:6      | Killed Eustachio
  7844 | D:6      | Reached XP level 9. HP: 39/39 MP: 10/23
  8077 | D:6      | Found a white marble altar of Elyvilon.
  8093 | D:6      | Learned a level 5 spell: Irradiate
  8351 | D:6      | Reached skill level 1 in Transmutations
  8657 | D:6      | Reached ** piety under Sif Muna
  8657 | D:6      | Reached skill level 1 in Fire Magic
  9054 | D:7      | Noticed a hill giant
  9067 | D:7      | Killed a hill giant
  9067 | D:7      | Reached skill level 5 in Dodging
  9067 | D:7      | Reached skill level 10 in Spellcasting
  9204 | D:7      | Noticed Joseph
  9208 | D:7      | Killed Joseph
  9208 | D:7      | Reached skill level 1 in Maces & Flails
  9384 | D:7      | Reached *** piety under Sif Muna
  9914 | D:7      | Noticed Prince Ribbit
  9927 | D:7      | Killed Prince Ribbit
  9927 | D:7      | Reached XP level 10. HP: 39/44 MP: 14/25
 10112 | D:7      | Found an oddly glowing altar of Pakellas.
 10121 | D:7      | Found a shadowy altar of Dithmenos.
 10124 | D:7      | Found an opulent altar of Gozag.
 10127 | D:7      | Found a bloodstained altar of Trog.
 10195 | D:7      | Found a shattered altar of Ashenzari.
 10583 | D:7      | Reached skill level 11 in Spellcasting
 11064 | D:8      | Found a staircase to the Lair.
 11130 | Lair:1   | Entered Level 1 of the Lair of Beasts
 11137 | Lair:1   | Noticed Kaishin's ghost (novice DDEE)
 11740 | D:8      | Noticed Psyche
 11743 | D:8      | Killed Psyche
 11743 | D:8      | Reached **** piety under Sif Muna
 11743 | D:8      | Reached skill level 10 in Poison Magic
 12603 | D:9      | Got an ancient troll leather armour
 12614 | D:9      | Identified the +1 troll leather armour of Devotion {Regen+ Int+3} (You found it on level 9 of the Dungeon)
 13181 | D:9      | Reached skill level 12 in Spellcasting
 13189 | D:10     | Entered Level 10 of the Dungeon
 13194 | D:10     | Reached ***** piety under Sif Muna
 13423 | D:10     | Noticed an ogre mage
 13672 | D:11     | Found a bloodstained altar of Trog.
 13683 | D:11     | Found a flagged portal.
 13684 | D:11     | Noticed Harold
 13688 | D:11     | Reached XP level 11. HP: 47/47 MP: 17/28
 13691 | D:11     | Killed Harold
 13809 | Bailey   | Entered a bailey
 13823 | Bailey   | Noticed an orc knight
 13828 | Bailey   | Killed an orc knight
 13882 | Bailey   | Found an iron altar of Okawaru.
 13882 | Bailey   | Noticed an orc sorcerer
 13887 | Bailey   | Killed an orc sorcerer
 14091 | Bailey   | Identified Sif Muna's Tome of Hurtful Heat (You acquired it in a bailey)
 14137 | Bailey   | Learned a level 4 spell: Iskenderun's Mystic Blast
 14236 | Bailey   | Reached skill level 5 in Conjurations
 14322 | Bailey   | Reached skill level 13 in Spellcasting
 14438 | Bailey   | Noticed an orc knight
 14438 | Bailey   | Noticed an orc knight
 14443 | Bailey   | Killed an orc knight
 14443 | Bailey   | Reached ****** piety under Sif Muna
 14443 | Bailey   | Received a gift from Sif Muna
 14443 | Bailey   | Killed an orc knight
 14545 | Bailey   | Got a translucent trident
 14550 | Bailey   | Identified the +1 trident "Voegat" {freeze, rPois Str+5 Int-4 SInv} (You found it in a bailey)
 14811 | D:11     | Found a staircase to the Orcish Mines.
 14953 | D:11     | Reached skill level 1 in Armour
 15227 | Orc:1    | Entered Level 1 of the Orcish Mines
 15234 | Orc:1    | Noticed Gastronok
 15434 | Orc:1    | Killed Gastronok
 15434 | Orc:1    | Reached skill level 1 in Fighting
 15635 | Orc:2    | Entered Level 2 of the Orcish Mines
 15635 | Orc:2    | Noticed an orc high priest
 15639 | Orc:2    | Killed an orc high priest
 15659 | Orc:2    | Reached skill level 14 in Spellcasting
 15863 | Orc:2    | Noticed an orc sorcerer
 15977 | Orc:2    | Killed an orc sorcerer
 15977 | Orc:2    | Reached XP level 12. HP: 53/53 MP: 6/31
 16032 | Orc:2    | Found Fuak's Distillery.
 16121 | Orc:2    | Found a staircase to the Elven Halls.
 16124 | Orc:2    | Noticed an orc warlord
 16198 | Orc:2    | Killed an orc warlord
 16198 | Orc:2    | Received a gift from Sif Muna
 16900 | Elf:1    | Entered Level 1 of the Elven Halls
 17000 | Elf:1    | Learned a level 3 spell: Conjure Flame
 17128 | Orc:2    | Reached skill level 15 in Spellcasting
 17250 | Orc:2    | Reached skill level 1 in Evocations
 17405 | Orc:2    | Noticed an orc high priest
 17405 | Orc:2    | Noticed an orc high priest
 17411 | Orc:2    | Killed an orc high priest
 17411 | Orc:2    | Killed an orc high priest
 17411 | Orc:2    | Reached skill level 5 in Transmutations
 17414 | Orc:2    | Received a gift from Sif Muna
 17630 | Orc:2    | Noticed an orc high priest
 17635 | Orc:2    | Killed an orc high priest
 17754 | Orc:2    | Found Ebofekop's Antique Armour Shoppe.
 17754 | Orc:2    | Found Qipparghi's Assorted Antiques.
 17756 | Orc:2    | Found Wauk's Book Shoppe.
 17756 | Orc:2    | Found Zeofan's Armour Boutique.
 17768 | Orc:2    | Bought a scroll of blinking for 187 gold pieces
 17907 | Orc:2    | Reached XP level 13. HP: 43/57 MP: 5/33
 18496 | D:11     | Upgraded the game from 0.19-a0-583-g665d810 to 0.19-a0-594-g235f30c
 19346 | D:12     | Reached skill level 16 in Spellcasting
 19905 | D:13     | Found a bloodstained altar of Trog.
 20375 | D:13     | Received a gift from Sif Muna
 20375 | D:13     | Reached skill level 10 in Dodging
 20379 | D:13     | Identified Sif Muna's Compendium of Evil and Confrontation (Sif Muna gifted it to you on level 13 of the Dungeon)
 20385 | D:13     | Learned a level 4 spell: Sticky Flame
 20390 | D:13     | Learned a level 4 spell: Throw Icicle
 21499 | D:15     | Entered Level 15 of the Dungeon
 21534 | D:15     | Reached skill level 1 in Ice Magic
 21663 | D:15     | Gained mutation: Your flesh is heat resistant. (rF+) [potion of beneficial mutation]
 21683 | D:15     | Found Ethim's Assorted Antiques.
 21695 | D:15     | Bought a leatherbound book for 495 gold pieces
 21699 | D:15     | Learned a level 2 spell: Swiftness
 22256 | D:15     | Noticed Azrael
 22432 | D:15     | Reached skill level 17 in Spellcasting
 22499 | D:15     | Reached XP level 14. HP: 63/63 MP: 3/36
 22971 | D:15     | Killed Azrael
 23966 | D:15     | Found a staircase to the Depths.
 23992 | Depths:1 | Entered Level 1 of the Depths
 24090 | Depths:1 | Noticed a stone giant
 24095 | Depths:1 | Received a gift from Sif Muna
 24098 | Depths:1 | Killed a stone giant
 24099 | Depths:1 | Identified Tiatovej's Incunabulum of Shifting Ice (Sif Muna gifted it to you on level 1 of the Depths)
 24182 | Depths:1 | Noticed a tengu reaver
 24493 | Depths:1 | Noticed a fire giant
 24585 | Depths:1 | Noticed a stone giant
 24715 | Depths:1 | Noticed a fire giant
 24721 | Depths:1 | Killed from afar by a deep troll earth mage

Vault maps used:
D:1:      lemuel_arrival_hallway
D:2:      nicolae_underground_beach
D:3:      uniq_natasha, uniq_sigmund, uniq_crazy_yiuf_cottage
D:4:      first_bread, nicolae_tso_swordbearing_angel, uniq_pikel, uniq_edmund
D:5:      minmay_temple_entry_glass
D:6:      elyvilon_altar_3, portal_sewer_entry_b, uniq_eustachio
D:7:      grunt_temple_overflow_cloverleaf, ashenzari_altar_1,
          kennysheep_generic_room_15, uniq_joseph, uniq_prince_ribbit1
D:8:      lair_0_dummy, uniq_psyche
D:9:      blue_anna_alchemist
D:10:     hangedman_cross_veins
D:11:     orc_0_dummy, basic_altar, enter_bailey_2, minivault_24, uniq_harold
D:13:     slaughterhouse, basic_altar
D:14:     erik_vaults_1, minmay_misc_feat_columns, minivault_28
D:15:     grunt_enter_depths_hoard, serial_shops, nicolae_shop_window_shopping,
          minmay_misc_feat_pillars, uniq_azrael
Temple:   lightli_temple_of_artemis
Lair:1:   minivault_24, nicolae_quartered_pool_super
Orc:1:    serial_shops, nicolae_shop_behind_doors, uniq_gastronok
Orc:2:    grunt_orc_tribal_feast, serial_shops, shop_fountains, mines2_lemuel
Elf:1:    serial_shops, shop, evilmike_minifort
Depths:1: enter_ziggurat_f, hell_entry, nrook_mini_backslash,
          serial_bayou_crossing, kennysheep_random_hallway, serial_bayou_shore_b
Sewer:    sewer_co_purgy_island
Bailey:   bailey_axe_of_yendor_kennysheep, bailey

Skill      XL: |  1  2  3  4  5  6  7  8  9 10 11 12 13 14 |
---------------+-------------------------------------------+-----
Spellcasting   | 3 4 5 6 8 9 10 12 14 15 17 | 17.6
Poison Magic   | 5 6 8 9 10 11 12 13 | 13.5
Conjurations   | 1 2 3 4 5 6 7 |  7.4
Dodging        | 4 5 7 9 11 | 11.2
Transmutations | 2 3 4 5 6 |  6.3
Fire Magic     | 1 2 3 4 |  4.2
Maces & Flails | 1 |  1.0
Armour         | 1 2 |  2.6
Fighting       | 1 2 |  2.2
Evocations     | 1 |  1.0
Ice Magic      | 1 2 |  2.6
Stealth        | |  3.0

Action                   |  1- 3 |  4- 6 |  7- 9 | 10-12 | 13-15 || total
-------------------------+-------+-------+-------+-------+-------++-------
Melee: Dagger            |    49 |    43 |       |       |       ||    92
       Mace              |       |     7 |   109 |   428 |   161 ||   705
       Rapier            |       |       |    29 |       |    56 ||    85
 Cast: Sting             |    66 |    81 |   159 |   131 |     8 ||   445
       Olgreb's Toxic Ra |       |    12 |    20 |    49 |    60 ||   141
       Ignite Poison     |       |       |    32 |    92 |    86 ||   210
       Mephitic Cloud    |       |       |     1 |       |       ||     1
       Cure Poison       |       |       |     1 |     1 |     1 ||     3
       Venom Bolt        |       |       |       |    40 |     7 ||    47
       Iskenderun's Myst |       |       |       |     8 |    41 ||    49
       Throw Icicle      |       |       |       |       |    75 ||    75
       Sticky Flame      |       |       |       |       |    16 ||    16
Invok: Renounce Religion |       |       |     1 |       |       ||     1
       Channel Energy    |       |       |       |       |     1 ||     1
Evoke: Wand              |       |       |       |     5 |     3 ||     8
       Phantom mirror    |       |       |       |       |     1 ||     1
  Use: Scroll            |       |    10 |     3 |     6 |    18 ||    37
       Potion            |       |       |     9 |     5 |    11 ||    25
 Stab: Sleeping          |       |       |       |     4 |     1 ||     5
       Distracted        |       |       |       |       |     1 ||     1
  Eat: Bread ration      |       |     1 |       |     2 |     1 ||     4
       Fruit             |       |       |     2 |     3 |     1 ||     6
       Pizza             |       |       |     1 |     1 |       ||     2
Armor: Robe              |     4 |     3 |       |    12 |       ||    19
       Animal skin       |       |       |    40 |    19 |       ||    59
       Troll leather arm |       |       |       |    53 |    60 ||   113
Dodge: Dodged            |    45 |    51 |   157 |   494 |   410 ||  1157
